 Dungeon Crawl Stone Soup version 0.31-a0-202-g547052bce9 (webtiles) character file.

Game seed: 2442633233530746184

12 qw the Shooter (level 2, 0/16 HPs)
             Began as a Deep Elf Hunter on June 26, 2023.
             Succumbed to their own poison gas
             ... on level 1 of the Dungeon.
             The game lasted 00:00:09 (637 turns).

qw the Shooter (Deep Elf Hunter)                     Turns: 637, Time: 00:00:09

Health: 0/16       AC:  5    Str:  8    XL:     2   Next: 20%
Magic:  4/4        EV: 10    Int: 13    God:
Gold:   23         SH:  0    Dex: 18    Spells: 1/1 levels left

rFire   . . .        Y - +0 shortbow
rCold   . . .        (shield currently unavailable)
rNeg    . . .        d - +0 ring mail
rPois   .            (no helmet)
rElec   .            (no cloak)
rCorr   .            (no gloves)
SInv    .            (no boots)
Will    .....        (no amulet)
Stlth   +            (no ring)
HPRegen 0.22/turn    (no ring)
MPRegen 0.09/turn

%: no passive effects
@: lethally poisoned (0 -> -11)
A: no striking features
a: no special abilities


You were on level 1 of the Dungeon.
You visited 1 branch of the dungeon, and saw 1 of its levels.

You collected 23 gold pieces.


   Skills:
 - Level 1.5 Fighting
 + Level 6.1 Ranged Weapons
 - Level 2.4 Dodging
 - Level 1.2 Stealth


You had one spell level left.
You didn't know any spells.
Your spell library was empty.

Inventory:

Hand Weapons
 Y - a +0 shortbow (weapon)
Armour
 d - a +0 ring mail (worn)
Potions
 f - a potion of mutation {unknown}
 h - a potion of heal wounds

Dungeon Overview and Level Annotations

Branches:
Dungeon (1/15)

Altars:


Message History

Done exploring.
632 ||| READING scroll labelled WOUNITOF IXER.
As you read the scroll labelled WOUNITOF IXER, it crumbles to dust.
You hear a loud clanging noise!
It was a scroll of noise.
Done exploring.
633 ||| DRINKING 2 orange potions.
It was a potion of heal wounds.
You feel much better.
Done exploring.
634 ||| DROPPING scroll of butterflies.
You drop a scroll of butterflies.
Done exploring.
(D) Dungeon
Where to? (* - list waypoints, ? - help)
What level of the Dungeon? (default 1, ? - help) Sorry, I don't know how to get there.
Enter note:
Enter note:
Enter note:
Enter note:
Enter note:
Enter note:
Enter note:
Enter note:
Enter note:
Enter note:
Enter note:
Enter note:
Enter note:
Enter note:
Enter note: Really walk into that cloud of poison gas?
You are engulfed in poison gas.
You are lethally poisoned!
You feel very sick.
636 ||| Stepping ~*~*~tactically~*~*~ (cloud).
You feel very sick.
Things that are here:
a scroll of butterflies; a +0 leather armour
There is a lethal amount of poison in your body!
You die...

......###
#############.###.#.###
......# #¤00¤¤¤¤¤# #.#
#.#.# ...##.#
#¤¤¤¤¤¤¤¤# #.###.#.#
...+..# #¤¤0¤0¤¤¤#
#.......# ...####
#0¤¤¤¤00¤# #####.###
######## #¤0¤¤0¤¤¤# #.#
.......# #¤¤¤¤¤¤¤¤# #.#
.......#
#¤¤0¤0¤0¤########.##
.......#
#¤¤0¤¤@0¤¤¤¤¤0.....#
.......#
#¤¤¤¤¤¤¤¤¤00¤0.....#
.......#
#¤¤¤¤0¤¤¤¤¤00¤.....#
(......#
#¤0¤¤¤0¤¤¤¤¤¤¤.....#
.......#
#0¤¤0¤¤¤¤¤¤¤¤0.....#
.......#
######0¤¤¤¤¤00.....#
.......#
#¤0¤¤¤¤¤¤.....#
.......#
#.............#
.......#
############'##


There were no monsters in sight!

Vanquished Creatures
  A dart slug (D:1)
  2 bats (D:1)
  2 endoplasms (D:1)
  A giant cockroach (D:1)
  A quokka (D:1)
  A kobold (D:1)
  2 rats (D:1)
10 creatures vanquished.

Notes
Turn   | Place    | Note
-------+----------+-------------------------------------------
     0 | D:1      | qw the Deep Elf Hunter began the quest for the Orb.
     0 | D:1      | Reached XP level 1. HP: 12/12 MP: 3/3
     0 | D:1      | 0 ||| qw: Version: 0.3-a-22-g0ed2b0b
     0 | D:1      | 0 ||| qw: Game counter: 6097
     0 | D:1      | 0 ||| qw: Melee chars always use a shield: true
     0 | D:1      | 0 ||| qw: God list: Okawaru
     0 | D:1      | 0 ||| qw: Allow faded altars: false
     0 | D:1      | 0 ||| qw: Do Orc after clearing Dungeon:15 true
     0 | D:1      | 0 ||| qw: Do second Lair branch before Depths: true
     0 | D:1      | 0 ||| qw: Lair rune preference: random
     0 | D:1      | 0 ||| qw: Goals: Normal
     0 | D:1      | 0 ||| PLANNING D:1-11
   209 | D:1      | Reached skill level 6 in Ranged Weapons
   209 | D:1      | Reached XP level 2. HP: 16/16 MP: 4/4
   620 | D:1      | 620 ||| UPGRADING to +0 ring mail.
   630 | D:1      | 630 ||| DROPPING +0 leather armour.
   631 | D:1      | 631 ||| READING scroll labelled WUPEVV ITZO.
   632 | D:1      | 632 ||| READING scroll labelled WOUNITOF IXER.
   633 | D:1      | 633 ||| DRINKING 2 orange potions.
   634 | D:1      | 634 ||| DROPPING scroll of butterflies.
   636 | D:1      | 636 ||| Stepping ~*~*~tactically~*~*~ (cloud).
   636 | D:1      | HP: 1/16 [poisoned by you (poison gas)]
   637 | D:1      | Succumbed to their own poison gas

Levels and vault maps discovered:
D:1:      eino_arrival_tree_alley, layout_basic

Skill      XL: |  1 |
---------------+----+-----
Ranged Weapons | 6 |  6.1
Fighting       | |  1.5
Dodging        | |  2.4
Stealth        | |  1.2

Action                     || total
---------------------------++-------
   Fire: Shortbow          ||    16
    Use: Scroll            ||     2
         Potion            ||     1

Table legend:
 A = Non-vault XP
 B = Vault XP
 C = Vault XP percentage of total XP
 D = Non-vault monster count
 E = Vault monster count
 F = Vault count percentage of total count
                 A         B        C        D         E       F
            +---------+---------+-------+---------+---------+-------
      Total |      18 |       0 |   0.0 |      10 |       0 |   0.0
            +---------+---------+-------+---------+---------+-------
        D:1 |      18 |       0 |   0.0 |      10 |       0 |   0.0
            +---------+---------+-------+---------+---------+-------
